 Dungeon Crawl Stone Soup version 0.29.1 (webtiles) character file.

Game seed: 15667415689898487194

399 xian the Chopper (level 6, -6/48 HPs)
             Began as a Demonspawn Chaos Knight on Sept 13, 2022.
             Was a Plaything of Xom.
             Killed by an exploding white imp (12 damage)
             ... ignited by their inner flame
             ... on level 4 of the Dungeon.
             The game lasted 00:11:18 (4809 turns).

xian the Chopper (Demonspawn Chaos Knight)          Turns: 4809, Time: 00:11:19

Health: -6/48      AC: 10    Str: 14    XL:     6   Next: 54%
Magic:  0/6        EV:  6    Int: 13    God:    Xom [......]
Gold:   253        SH:  8    Dex: 13    Spells: 5/5 levels left

rFire   . . .      SeeInvis .   a - +0 hand axe (chaos)
rCold   . . .      Faith    .   e - +0 kite shield
rNeg    . . .      Spirit   +   k - +0 chain mail
rPois   .          Reflect  .   t - +0 helmet
rElec   .          Harm     .   (no cloak)
rCorr   .          Rampage  .   (no gloves)
Will    .....                   (no boots)
Stlth   ..........              w - amulet of guardian spirit
HPRegen 0.16/turn               (no ring)
MPRegen 0.20/turn               (no ring)

@: no status effects
A: claws 1, powered by pain 1, magic regeneration, sturdy frame 1
a: Renounce Religion


You were on level 4 of the Dungeon.
You worshipped Xom.
You were a very special plaything of Xom.
You visited 1 branch of the dungeon, and saw 4 of its levels.

You collected 253 gold pieces.

Inventory:

Hand Weapons
 a - a +0 hand axe of chaos (weapon)
 v - a +2 dagger of venom
Missiles
 m - a throwing net
 o - 2 poisoned darts
 x - 5 javelins (quivered)
Armour
 b - a +2 leather armour
 e - a +0 kite shield (worn)
 k - a +0 chain mail (worn)
 t - a +0 helmet (worn)
Jewellery
 w - an amulet of guardian spirit (around neck)
Wands
 y - a wand of paralysis (11)
Scrolls
 g - 2 scrolls of torment {unknown}
 h - a scroll of amnesia
 j - a scroll of immolation
 n - a scroll of fear {unknown}
 u - 2 scrolls of teleportation {unknown}
Potions
 d - a potion of might {unknown}
 f - 2 potions of attraction {unknown}
 i - 3 potions of brilliance {unknown}
 l - 2 potions of invisibility {unknown}
 p - a potion of mutation {unknown}
 q - 2 potions of degeneration {unknown}
 r - 2 potions of cancellation {unknown}
 s - a potion of curing {unknown}
Miscellaneous
 c - a piece from Xom's chessboard (15/15)


   Skills:
 + Level 3.9 Fighting
 + Level 4.5 Axes
 + Level 0.3 Throwing
 + Level 3.1 Armour
 + Level 1.6 Dodging
 + Level 1.2 Stealth
 * Level 2.3 Shields


You had 5 spell levels left.
You didn't know any spells.
Your spell library contained the following spells:

 Spells                   Type           Power      Damage    Failure   Level
 Shock                    Conj/Air       0%         1d3       100%        1
 Sting                    Tmut/Pois      0%         1d3       100%        1
 Poisonous Vapours        Pois/Air       0%         N/A       100%        2
 Conjure Flame            Conj/Fire      0%         6-21      100%        3
 Gell's Gravitas          Tloc           0%         N/A       100%        3
 Ignite Poison            Fire/Tmut/Pois 0%         N/A       100%        3
 Mephitic Cloud           Conj/Pois/Air  0%         N/A       100%        3
 Swiftness                Air            0%         N/A       100%        3
 Teleport Other           Tloc           0%         N/A       100%        3
 Airstrike                Air            0%         2d(0-16)  100%        4
 Olgreb's Toxic Radiance  Pois           0%         N/A       100%        4
 Sticky Flame             Conj/Fire      0%         2d3       100%        4
 Freezing Cloud           Conj/Ice/Air   0%         6-21      100%        5
 Dispersal                Tloc           0%         N/A       100%        6


Dungeon Overview and Level Annotations

Branches:
Dungeon (4/15)
 Temple: D:4-7

Altars:
Cheibriados
Makhleb
Ru
Uskayaw
Wu Jian

Shops:
D:4 :


Innate Abilities, Weirdness & Mutations

You have sharp fingernails.
You sometimes gain a little power by taking damage.
You regenerate magic rapidly.
Your movements are slightly less encumbered by armour. (ER -2)


Message History

You hit the white imp.
The white imp's magic leaks into the air.
The white imp is lightly wounded.
You hit the iron imp.
The iron imp convulses.
The white imp hits you but does no damage.
You hit the white imp but do no damage.
The white imp resists with some effort.
The white imp is lightly wounded.
You hit the chaos spawn but do no damage.
The white imp's magic is no longer disrupted.
The white imp gestures at you. The puff of frost misses you.
The puff of frost hits the chaos spawn but does no damage.
You hit the chaos spawn but do no damage.
The chaos spawn resists with almost no effort.
You hit the white imp.
The white imp's magic leaks into the air.
The white imp closely misses you. The chaos spawn gores you!
You focus on the pain.
You feel your power returning.
You are engulfed in flames!
You closely miss the chaos spawn. You hit the white imp.
The white imp convulses.
The white imp barely misses you. You block the chaos spawn's attack.
The white imp hits you. The white imp freezes you.
You block the chaos spawn's attack.
You hit the chaos spawn.
The chaos spawn resists with almost no effort.
The chaos spawn is lightly wounded.
You hit the white imp.
The white imp is poisoned.
The white imp hits you but does no damage.
The chaos spawn hits you! The chaos spawn freezes you!
* * * LOW HITPOINT WARNING * * *
As you read the scroll labelled WOLITA IVIWKEI, it crumbles to dust.
The creatures around you are filled with an inner flame!
It was a scroll of immolation.
Xom is mildly amused.
The white imp disappears in a puff of smoke!
The chaos spawn gores you but does no damage.
The white imp explodes!
The fiery explosion engulfs you!
You die...
Xom thinks this is hilarious!

#.# #....# #.#.
#.# #....# #.#.
#.# #....# #.#.
#.# #....# #.#.
#.#############.#.
#.................
#5##############..
#4# #....# #.. #@#
#....# #.. #ยง#
#....# ### #5#
#....# #.# #....#
#.####....#
#.........#
###########


You could see a chaos spawn (summoned, inner flame) and 2 iron imps.

Vanquished Creatures
  A scorpion (D:3)
  An orc priest (D:4)
  A hound (D:4)
  2 orc wizards (D:4)
  An iguana (D:4)
  4 gnolls (D:3)
  4 adders
  4 worms (D:2)
  3 dart slugs
  4 orcs (D:4)
  7 bats
  4 endoplasms
  4 giant cockroaches
  13 goblins
  8 hobgoblins
  2 jackals (D:2)
  9 kobolds
  A quokka (D:1)
  5 ball pythons
  3 frilled lizards
  3 rats
84 creatures vanquished.

Vanquished Creatures (collateral kills)
  An orc (D:3)
  A hobgoblin (D:3)
2 creatures vanquished.

Grand Total: 86 creatures vanquished

Notes
Turn   | Place    | Note
-------+----------+-------------------------------------------
     0 | D:1      | xian the Demonspawn Chaos Knight began the quest for the
                  | Orb.
     0 | D:1      | Reached XP level 1. HP: 18/18 MP: 1/1
    57 | D:1      | XOM: divination: detect items
   135 | D:1      | XOM: silly message
   144 | D:1      | XOM: god gift: scroll labelled KIOCSU POLES {god gift}
   150 | D:1      | Found a faded altar of an unknown god.
   194 | D:1      | Reached skill level 3 in Axes
   199 | D:1      | Gained mutation: Your movements are slightly less
                  | encumbered by armour. (ER -2) [demonic ancestry]
   199 | D:1      | Reached XP level 2. HP: 18/24 MP: 2/2
   259 | D:1      | XOM: 1-stop teleportation journey
   780 | D:1      | XOM: draining
   916 | D:2      | Gained mutation: You regenerate magic rapidly. [demonic
                  | ancestry]
   916 | D:2      | Reached XP level 3. HP: 25/25 MP: 3/3
   955 | D:2      | Reached skill level 1 in Dodging
  1166 | D:2      | Found a sacrificial altar of Ru.
  1546 | D:2      | Gained mutation: You sometimes gain a little power by
                  | taking damage. [demonic ancestry]
  1546 | D:2      | Reached XP level 4. HP: 27/35 MP: 4/4
  1645 | D:2      | XOM: silly message
  2332 | D:3      | XOM: noise
  2818 | D:3      | Reached skill level 1 in Shields
  2822 | D:3      | Reached XP level 5. HP: 11/41 MP: 2/5
  2824 | D:3      | Reached skill level 4 in Axes
  2829 | D:3      | XOM: noise
  3023 | D:3      | XOM: 2-stop teleportation journey
  3056 | D:3      | Found a burning altar of Makhleb.
  3067 | D:3      | Found a hide-covered altar of Uskayaw.
  3304 | D:3      | Reached skill level 1 in Stealth
  3379 | D:3      | Found a snail-covered altar of Cheibriados.
  3689 | D:4      | Found Mietubb's Self-Improvement Boutique.
  3731 | D:4      | Gained mutation: You have sharp fingernails. [demonic
                  | ancestry]
  3731 | D:4      | Reached XP level 6. HP: 44/48 MP: 6/6
  3944 | D:4      | XOM: silly message
  4095 | D:4      | Found an ornate altar of the Wu Jian Council.
  4802 | D:4      | XOM: noise
  4803 | D:4      | XOM: summons 4 hostile demons
  4804 | D:4      | Noticed a chaos spawn
  4809 | D:4      | Killed by an exploding white imp... ignited by their inner
                  | flame

Illustrated notes

Levels and vault maps discovered:
D:1:      lightli_arrival_lavapool, layout_rooms,
          chequers_ecumenical_altar_island, feat_on_display
D:2:      layout_basic, basic_altar, minmay_quadrilaterals
D:3:      layout_loops_corners, general_overflow_altar,
          mainiacjoe_overflow_catwalk_spiral, chequers_serial_rivers_small_a,
          hangedman_decor_opposing, minmay_cut_off
D:4:      layout_basic, nicolae_wu_jian_immortal_techniques,
          serial_co_window_serial, co_window_paths_b, co_window_cross_1,
          co_window_cross_1, co_window_paths_a, co_window_paths_a,
          co_window_corner_b, co_window_of_opportunity_b, co_window_corner_b,
          co_window_cross_2, co_window_unsneaky_path_c, co_window_corner_b,
          glass_columns_a, glass_columns_a, glass_columns_c, glass_columns_a,
          hangedman_feature_mirror, st_stairs_3, nicolae_shop_self_help

Skill      XL: |  1  2  3  4  5  6 |
---------------+-------------------+-----
Axes           | 3 4 |  4.5
Armour         | 2 3 |  3.1
Dodging        | 1 |  1.6
Shields        | 1 2 |  2.3
Stealth        | 1 |  1.2
Fighting       | |  3.9
Throwing       | |  0.3

Action                   |  1- 3 |  4- 6 || total
-------------------------+-------+-------++-------
Melee: Hand axe          |   120 |   158 ||   278
       Punch             |     1 |       ||     1
Throw: Javelin           |       |     7 ||     7
       Throwing net      |       |     1 ||     1
  Use: Scroll            |     1 |     3 ||     4
 Stab: Paralysed         |     1 |     2 ||     3
       Sleeping          |     1 |       ||     1
       Held in net/web   |       |     1 ||     1
Armor: Leather armour    |    26 |       ||    26
       Chain mail        |    41 |    82 ||   123
Dodge: Dodged            |    44 |    35 ||    79
Block: Kite shield       |    24 |    57 ||    81
